 Dungeon Crawl Stone Soup version 0.31-a0-1321-g5021b54cb2 (webtiles) character file.

Game seed: 14481493246515190676

437885 zazu2006 the Gnoll Blade (level 24, -4/155 (193) HPs)
             Began as a Gnoll Wanderer on Dec 20, 2023.
             Was the Champion of Vehumet.
             Killed from afar by a shadow dragon (60 damage)
             ... with a bolt of negative energy
             ... on level 5 of the Vaults on Dec 22, 2023.
             The game lasted 04:49:44 (77188 turns).

zazu2006 the Gnoll Blade (Gnoll Wanderer)          Turns: 77188, Time: 04:49:45

HP:   -4/155 (193)  AC: 23    Str: 19    XL:     24   Next: 5%
MP:   13/44         EV: 24    Int: 20    God:    Vehumet [******]
Gold: 8476          SH: 15    Dex: 16    Spells: 9/57 levels left

rFire   . . .        g - +5 scimitar (flame)
rCold   + + .        G - +1 kite shield {rC+}
rNeg    . . .        i - +0 swamp dragon scales
rPois   +            Q - +2 helmet {SInv}
rElec   .            A - +2 cloak {Will+}
rCorr   +            P - +0 pair of gloves of the Five Defenders {Dex+3}
SInv    +            e - +0 pair of boots
Will    +++..        T - amulet of regeneration
Stlth   ++++++       L - ring of the Mauling Scavenger {rC+ Will+ rCorr Str+3}
HPRegen 1.25/turn    u - ring "Janatt" {EV+5 Int+2}
MPRegen 0.29/turn

%: no passive effects
@: studying 2 skills, heavily drained
A: fangs 1, strong nose, distributed training
}: 2/15 runes: decaying, gossamer
a: Renounce Religion


You were on level 5 of the Vaults.
You worshipped Vehumet.
Vehumet was exalted by your worship.
You visited 8 branches of the dungeon, and saw 42 of its levels.
You also visited: Bailey, Ice Cave, Volcano and Wizlab.

You collected 9103 gold pieces.
You spent 627 gold pieces at shops.

Inventory:

Hand Weapons
 g - a +5 scimitar of flaming (weapon)
 Y - a +5 scimitar of holy wrath
Armour
 e - a +0 pair of boots (worn)
 i - +0 swamp dragon scales (worn)
 A - a +2 cloak of willpower (worn)
 G - a +1 kite shield of cold resistance (worn)
 P - the +0 pair of gloves of the Five Defenders (worn) {Dex+3}
   (You bought it in a shop on level 8 of the Dungeon)

   Dex+3:     It affects your dexterity (+3).
 Q - a +2 helmet of see invisible (worn)
Jewellery
 k - a ring of flight
 u - the ring "Janatt" (right hand) {EV+5 Int+2}
   (You found it in a bailey)

   [ring of evasion]

   EV+5:      It affects your evasion (+5).
   Int+2:     It affects your intelligence (+2).
 L - the ring of the Mauling Scavenger (left hand) {rC+ Will+ rCorr Str+3}
   (You acquired it on level 3 of the Spider Nest)

   [ring of willpower]

   Str+3:     It affects your strength (+3).
   rC+:       It protects you from cold.
   Will+:     It increases your willpower.
   rCorr:     It protects you from acid and corrosion.
 T - an amulet of regeneration (around neck)
Wands
 j - a wand of roots (47)
 y - a wand of light (6)
 B - a wand of digging (15)
 J - a wand of polymorph (19)
 K - a wand of mindburst (42)
Scrolls
 b - a scroll of teleportation
 c - a scroll of enchant weapon
 h - 7 scrolls of fog
 l - a scroll of vulnerability
 w - 5 scrolls of revelation
 S - 4 scrolls of poison
 U - 4 scrolls of fear
 Z - a scroll of blinking
Potions
 a - 25 potions of curing
 d - 6 potions of haste
 q - 5 potions of attraction
 r - 2 potions of lignification
 t - 4 potions of brilliance
 x - 6 potions of might
 D - a potion of berserk rage
 E - a potion of resistance
 N - 5 potions of invisibility
 V - 5 potions of cancellation
Miscellaneous
 O - a sack of spiders (inert)


   Skills:
 + Level 16.8 Fighting
 + Level 16.6 Short Blades
 + Level 22.1 Long Blades
 + Level 16.6 Axes
 + Level 16.6 Maces & Flails
 + Level 16.6 Polearms
 + Level 16.6 Staves
 + Level 16.6 Ranged Weapons
 + Level 16.6 Throwing
 + Level 16.6 Armour
 + Level 17.1 Dodging
 + Level 16.8 Stealth
 + Level 16.6 Shields
 + Level 16.6 Unarmed Combat
 + Level 17.2 Spellcasting
 + Level 14.1 Conjurations
 + Level 15.2 Hexes
 + Level 14.1 Summonings
 + Level 14.1 Necromancy
 + Level 14.1 Translocations
 + Level 14.1 Fire Magic
 + Level 14.3 Ice Magic
 + Level 14.1 Air Magic
 + Level 14.6 Earth Magic
 + Level 14.1 Alchemy
 + Level 18.0 Invocations
 + Level 16.8 Evocations
 + Level 15.3 Shapeshifting


You had 9 spell levels left.
You knew the following spells:

 Your Spells              Type           Power      Damage    Failure   Level
a - Sandblast             Erth           100%       2d20      0%          1
b - Stone Arrow           Conj/Erth      100%       3d13      1%          3
c - Mephitic Cloud        Conj/Alch/Air  65%        N/A       1%          3
d - Iskenderun's Battles  Conj           65%        2d11      1%          5
e - Fireball              Conj/Fire      32%        3d14      1%          5
f - Bombard               Conj/Erth      33%        9d6       1%          6
g - Ozocubu's Refrigerat  Ice            32%        4d14      4%          7
h - Lee's Rapid Deconstr  Erth           33%        3d17*     1%          5
i - Freezing Cloud        Conj/Ice/Air   32%        6-21      1%          5
j - Sticky Flame          Fire/Alch      65%        2d11      1%          4
k - Olgreb's Toxic Radia  Alch           65%        N/A       1%          4

Your spell library contained the following spells:

 Spells                   Type           Power      Damage    Failure   Level
 Chain Lightning          Conj/Air       32%        3d43      99%         9
 Fire Storm               Conj/Fire      32%        8d8       99%         9
 Freeze                   Ice            100%       1d10      0%          1
 Magic Dart               Conj           100%       1d8       0%          1
 Sting                    Conj/Alch      100%       1d9       0%          1
 Apportation              Tloc           100%       N/A       1%          1
 Necrotise                Necr           100%       1d9       1%          1
 Summon Small Mammal      Summ           100%       N/A       1%          1
 Call Imp                 Summ           100%       N/A       1%          2
 Cigotuvi's Dreadful Rot  Necr/Alch/Air  100%       N/A       1%          2
 Ensorcelled Hibernation  Hex/Ice        100%       N/A       1%          2
 Jinxbite                 Hex            100%       N/A       1%          2
 Lesser Beckoning         Tloc           100%       N/A       1%          2
 Passwall                 Alch/Erth      55%        N/A       1%          2
 Scorch                   Fire           100%       2d9       1%          2
 Searing Ray              Conj           100%       2d8       1%          2
 Static Discharge         Conj/Air       100%       3-8/arc   1%          2
 Sublimation of Blood     Necr           65%        N/A       1%          2
 Gell's Gravitas          Tloc           65%        N/A       1%          3
 Hailstorm                Conj/Ice       65%        3d12      1%          3
 Inner Flame              Hex/Fire       66%        N/A       1%          3
 Ozocubu's Armour         Ice            65%        N/A       1%          3
 Swiftness                Air            65%        N/A       1%          3
 Teleport Other           Tloc           65%        N/A       1%          3
 Tukima's Dance           Hex            67%        N/A       1%          3
 Volatile Blastmotes      Fire/Tloc      100%       2d18      1%          3
 Animate Armour           Summ/Erth      100%       N/A       1%          4
 Animate Dead             Necr           65%        N/A       1%          4
 Brom's Barrelling Bould  Conj/Erth      66%        2d8       1%          4
 Cause Fear               Hex            33%        N/A       1%          4
 Flame Wave               Conj/Fire      65%        2d15      1%          4
 Fulminant Prism          Conj/Alch      32%        3d16      1%          4
 Ignite Poison            Fire/Alch      65%        N/A       1%          4
 Leda's Liquefaction      Alch/Erth      33%        N/A       1%          4
 Passage of Golubria      Tloc           65%        N/A       1%          4
 Petrify                  Alch/Erth      66%        N/A       1%          4
 Summon Ice Beast         Ice/Summ       65%        N/A       1%          4
 Summon Lightning Spire   Summ/Air       65%        N/A       1%          4
 Vhi's Electric Charge    Tloc/Air       100%       N/A       1%          4
 Alistair's Intoxication  Alch           43%        N/A       1%          5
 Arcjolt                  Conj/Air       32%        1d42      1%          5
 Borgnjor's Vile Clutch   Necr/Erth      33%        N/A       1%          5
 Irradiate                Conj/Alch      32%        3d22      1%          5
 Metabolic Englaciation   Hex/Ice        33%        N/A       1%          5
 Silence                  Hex/Air        33%        N/A       1%          5
 Summon Mana Viper        Hex/Summ       66%        N/A       1%          5
 Yara's Violent Unravell  Hex/Alch       33%        3d14      1%          5
 Plasma Beam              Fire/Air       32%        2x1d45    1%          6
 Death Channel            Necr           32%        N/A       3%          6
 Dispersal                Tloc           32%        N/A       3%          6
 Simulacrum               Ice/Necr       32%        N/A       3%          6
 Orb of Destruction       Conj           32%        9d10      5%          7
 Spellforged Servitor     Conj/Summ      32%        N/A       5%          7
 Haunt                    Necr/Summ      32%        N/A       19%         7
 Monstrous Menagerie      Summ           32%        N/A       19%         7
 Summon Hydra             Summ           32%        N/A       19%         7
 Lehudib's Crystal Spear  Conj/Erth      33%        10d8      30%         8
 Ignition                 Fire           32%        3d10      32%         8
 Discord                  Hex            33%        N/A       65%         8
 Borgnjor's Revivificati  Necr           32%        N/A       80%         8
 Disjunction              Tloc           32%        N/A       80%         8
 Polar Vortex             Ice            32%        12d4*     99%         9
 Death's Door             Necr           32%        N/A       100%        9
 Dragon's Call            Summ           32%        N/A       100%        9


Dungeon Overview and Level Annotations

Branches:
Dungeon (15/15)            Temple (0/1) D:6            Lair (5/5) D:11
  Swamp (4/4) Lair:3       Spider (4/4) Lair:3        Slime (0/5) Lair:5
    Orc (2/2) D:11            Elf (3/3) Orc:2        Vaults (4/5) D:14
  Crypt (0/3) Vaults:2     Depths (4/4) D:15            Zot (0/5) Depths:4
 Bailey (visited)           IceCv (visited)         Volcano (visited)
 WizLab (visited)

Altars:
Elyvilon
Hepliaklqana
Kikubaaqudgha
Makhleb
Nemelex Xobeh
Okawaru
Qazlal
Ru
Sif Muna
Trog
Vehumet
Wu Jian
Yredelemnul
Zin
Jiyva

Shops:
D:1 ?[(*   D:6 (   D:8 [*   D:13 (   Orc:2 =*[(   Elf:2 ?**   Depths:2 =[:==

Portals:
Hell: Depths:1 Depths:2 Depths:3 Depths:4
Abyss: Depths:3
Pandemonium: Depths:2 Depths:4
Ziggurat: Depths:2
Trove: Vaults:2 (give +7 demon blade)


Innate Abilities, Weirdness & Mutations

You have very sharp teeth.
Your uncanny sense of smell can sniff out nearby items.
Your experience applies equally to all skills.


Message History

Your steelbarb worm hits the vault warden!!
The vault warden is skewered by barbed spikes.
A vault warden opens the door.
Things that are here:
a +0 dagger; an elf corpse Unknown command.
Something unseen opens the door.
The shadow dragon breathes negative energy at you.
The bolt of negative energy hits you!!!
You feel drained.
* * * LOW HITPOINT WARNING * * *
The vault warden hits your steelbarb worm with a +0 battleaxe!!
Your steelbarb worm dies!
Your steelbarb worm's corpse disappears in a puff of smoke!
You feel much better.
The runic seals fade away.
You flicker for a moment.
Blink to where?
Press: ? - help, Dir - move target, p - vault warden
Found a potion of cancellation.
As you read the scroll of blinking, it crumbles to dust.
Casting: Mephitic Cloud (safe; 1% risk of failure)
Confirm with . or Enter, or press ? or * to list all spells.
You can't see any susceptible monsters within range! (Use Z to cast anyway.)
You feel much better.
You feel a bit more experienced.
Casting: Mephitic Cloud (safe; 1% risk of failure)
Confirm with . or Enter, or press ? or * to list all spells.
Aiming: Mephitic Cloud (safe; 1% risk of failure)
Press: ? - help, Shift-Dir - straight line The ball explodes into a vile cloud!
The stinking cloud engulfs the deep elf death mage.
You hear a shout!
You hear a deafening roar!
You hear a shout!
The deep elf death mage is engulfed in noxious fumes.
Unknown command.
Found 51 gold pieces and a glowing long sword.
The deep elf death mage is engulfed in noxious fumes.
You see here a potion of cancellation.
V - 5 potions of cancellation (gained 1)
You flicker back into view.
The shadow dragon breathes negative energy at you.
The bolt of negative energy hits you!!!
You feel drained.
You die...

########### .
###..........## ..
+....+##'...@# ...
#....#)$#....#
....#)Sp.# ∆#....#
....p).†D+##'e...#
...###..).QD☼...##
#Q##+##+##+# #..
.. .... #'.
#....#∆∆ .


You could see a shadow dragon (catching breath), a tengu reaver (repels
missiles) and a deep elf death mage.

Vanquished Creatures
  An ancient lich (Vaults:3)
  Vv (Depths:3)
  4 caustic shrikes (Depths:4)
  Nikola (Elf:2)
  2 golden dragons (Depths:3)
  2 bone dragons
  Jorgrun (Swamp:1)
  An Ice Fiend (IceCv)
  Mlioglotl (Swamp:3)
  A tentacled monstrosity (Swamp:2)
  2 titans
  2 liches
  2 deep elf blademasters
  A walking divine tome (Depths:2)
  3 deep elf master archers (Depths:3)
  3 sphinxes
  3 ancient champions
  2 thorn hunters
  4 shadow dragons
  A tengu reaver (Depths:2)
  3 storm dragons
  Roxanne (Elf:3)
  5 fire giants
  A draconian shifter (Depths:4)
  2 fenstrider witches
  A draconian scorcher (Depths:4)
  3 emperor scorpions
  2 revenants (WizLab)
  2 iron dragons
  10 vault wardens
  A spectral caustic shrike (WizLab)
  9 frost giants
  A draconian stormcaller (Depths:4)
  2 caustic shrike zombies (WizLab)
  5 deep elf sorcerers (Elf:3)
  3 ghost moths
  5 orc warlords
  The ghost of Sogo Yxko the Fencer, a journeyman DsAl of Vehumet (D:14)
  4 deep elf elementalists
  Louise (Swamp:2)
  A ghoul (Swamp:2)
  2 spriggan defenders (Depths:4)
  8 very ugly things
  13 ironbound preservers
  5 war gargoyles
  A vampire knight (Depths:2)
  10 ironbound thunderhulks
  3 formless jellyfish
  The ghost of Hulashix the Severer, a journeyman MiBe of Trog (Elf:2)
  A deep elf demonologist (Depths:3)
  10 stone giants
  6 deep elf death magi
  3 halazid warlocks (WizLab)
  5 eleionomae
  4 deep elf annihilators
  A red draconian (Depths:4)
  A white draconian (Depths:4)
  7 spark wasps
  A purple draconian (Depths:4)
  4 bunyips
  8 dire elephants
  A black draconian (Depths:4)
  5 spectral quicksilver dragons (WizLab)
  4 eidola (WizLab)
  7 ettins
  A merfolk impaler (Depths:3)
  A crystal guardian (Vaults:2)
  2 jiangshi (WizLab)
  6 entropy weavers
  6 deep elf high priests
  9 fire dragons
  9 yaktaur captains
  2 quicksilver dragon zombies (WizLab)
  2 shambling mangroves
  5 ice dragons
  A salamander tyrant (Depths:2)
  5 spriggan air magi
  2 rakshasas (Depths:4)
  4 ogre magi
  19 hydras
  14 vault guards
  2 catoblepae
  6 great orbs of eyes
  The ghost of IdlyInterested the Carver, a journeyman DsFi of Okawaru (D:11)
  12 alligators
  A hell beast (Depths:2)
  4 peacekeepers
  4 ghost crabs
  A sphinx zombie (Depths:2)
  2 jorogumos (Spider:4)
  A spectral stone giant (D:14)
  7 ironbound frosthearts
  11 centaur warriors
  4 boulder beetles
  4 radroaches
  A spectral fire giant (D:14)
  15 two-headed ogres
  17 death yaks
  8 deep troll earth magi
  27 dancing weapons
  6 deep troll shamans
  6 death scarabs (Spider:4)
  3 tengu warriors
  A vampire mage (WizLab)
  3 demonic crawlers
  A storm dragon zombie (D:14)
  5 spriggan berserkers
  3 occultists
  7 orc high priests
  16 deep elf knights
  9 hell knights
  Sonja (Lair:1)
  Nergalle (D:11)
  4 iron trolls
  4 skeletal warriors
  6 pharaoh ants
  31 deep trolls
  6 goliath frogs
  A skyshark (shapeshifter) (Vaults:3)
  2 sun moths
  A spark wasp zombie (WizLab)
  2 shadow wraiths (WizLab)
  An orb spider (Spider:3)
  3 flayed ghosts
  A glowing orange brain (D:15)
  A spectral spark wasp (WizLab)
  11 swamp dragons
  3 spriggan druids
  12 spriggan simulacra
  4 steelbarb worms
  A broodmother zombie (Spider:4)
  9 arcanists
  5 bog bodies
  25 deep elf pyromancers
  2 anaconda skeletons (Volcano)
  8 ironbound convokers
  A lindwurm (shapeshifter) (Depths:3)
  An obsidian statue (IceCv)
  7 deep elf archers
  9 harpies
  3 phantasmal warriors
  6 wolf spider zombies
  10 lindwurms
  15 orc knights
  6 spectral wolf spiders
  7 necromancers
  A tengu zombie (D:14)
  An oklob plant (D:11)
  A spectral spriggan (D:14)
  16 deep elf zephyrmancers
  13 wolf spiders
  A shadow dragon skeleton (Depths:2)
  5 orc sorcerers
  A will-o-the-wisp (Swamp:4)
  3 moths of wrath
  Maurice (D:7)
  7 elephants
  5 cyclopes
  A manticore (D:15)
  26 ugly things
  A frost giant zombie (Depths:2)
  4 black mambas
  A kobold blastminer (Orc:2)
  8 vault sentinels
  A titan simulacrum (Depths:2)
  2 torpor snails
  7 gargoyles
  Maggie (D:6)
  4 spectral redbacks (Spider:4)
  A kobold demonologist (D:12)
  The ghost of Tollund the Magician, a novice DjFE of Ru (D:6)
  8 cane toads
  8 komodo dragons
  2 tengu conjurers
  4 freezing wraiths
  32 yaktaurs
  Jeremiah (D:7)
  2 redback zombies (Spider:4)
  12 ice devils (IceCv)
  Psyche (D:10)
  2 golden dragon simulacra (IceCv)
  2 harpy zombies (WizLab)
  A spark wasp simulacrum (D:14)
  A spectral harpy (WizLab)
  A bloated husk (Swamp:2)
  6 meliai (Spider:3)
  A meliai (shapeshifter) (D:13)
  2 alligator simulacra (Elf:2)
  7 trolls
  A polar bear (Lair:5)
  8 wolf spider simulacra
  Grinder (D:3)
  2 harpy skeletons (Volcano)
  14 tarantellas
  8 tyrant leeches
  A spectral culicivora (Spider:4)
  14 hornets
  A glass eye (Depths:1)
  3 jumping spider zombies (Spider:4)
  2 spectral jumping spiders (Spider:4)
  A spectral tarantella (Spider:4)
  15 blink frogs
  12 dream sheep
  A fire giant simulacrum (D:14)
  23 jumping spiders
  A shadow (D:10)
  An air elemental (Elf:2)
  24 slime creatures
  A spriggan (shapeshifter) (D:15)
  17 culicivoras
  7 wyverns
  15 flying skulls
  15 spriggans
  24 yaks
  2 wraiths
  A ynoxinul (Depths:2)
  A dire elephant simulacrum (IceCv)
  4 water elementals
  7 wargs
  4 basilisks
  2 fire elementals (Elf:1)
  12 minotaur simulacra
  4 steam dragons
  15 vampire mosquitoes
  29 redbacks
  A swamp worm (shapeshifter) (Vaults:5)
  A harpy simulacrum (IceCv)
  26 swamp worms
  A glowing shapeshifter zombie (D:14)
  3 acid dragons
  11 water moccasins
  A water moccasin (shapeshifter) (Elf:2)
  A hydra simulacrum (IceCv)
  12 swamp drakes
  3 ice beasts (D:5)
  3 sky beasts
  22 orc warriors
  2 black bears
  2 ettin simulacra (IceCv)
  9 ogres
  7 centaurs
  6 wolves
  2 phantoms
  A kobold brigand (D:8)
  12 bullfrogs
  Blork the orc (D:4)
  3 earth elementals (Elf:1)
  11 deep troll simulacra
  3 gnoll sergeants
  6 scorpions
  14 wights
  3 electric eels (Lair:3)
  5 spriggan skeletons (Volcano)
  2 howler monkeys
  2 jellies
  26 orc priests
  Crazy Yiuf (D:6)
  4 hounds
  4 gnoll boudas
  Natasha (thrice) (D:3)
  2 iguanas (D:4)
  A sleepcap (D:5)
  17 orc wizards
  A statue (D:3)
  2 naga skeletons (Volcano)
  24 gnolls
  10 adders
  An adder (shapeshifter) (Vaults:1)
  A shadow imp (D:7)
  2 white imps
  6 ufetubi
  3 worms
  82 orcs
  5 bats
  8 endoplasms
  3 giant cockroaches
  13 hobgoblins
  4 quokkas
  10 ball pythons
  4 frilled lizards
  15 goblins
  12 kobolds
  8 rats
  A spectral orc (D:4)
1646 creatures vanquished.

Vanquished Creatures (collateral kills)
  Saint Roka (Vaults:1)
  Rupert (D:14)
  A deep elf demonologist (Vaults:5)
  An iron troll (Depths:3)
  A phantasmal warrior (Vaults:5)
  A deep elf archer (Depths:3)
  An orc knight (Vaults:1)
  2 arcanists (Vaults:1)
  A necromancer (WizLab)
  An orc sorcerer (Vaults:1)
  3 flying skulls (WizLab)
  A redback (Spider:3)
  An orc priest (Vaults:1)
16 creatures vanquished.

Vanquished Creatures (others)
  A fire giant (Depths:2)
  A vault warden (Vaults:5)
  A centaur warrior (D:15)
  A deep elf knight (Elf:1)
  An ironbound convoker (Vaults:1)
  A deep elf pyromancer (Elf:2)
  2 deep elf zephyrmancers (Elf:2)
  A torpor snail (Spider:3)
  2 bloated husks (Swamp:2)
  A jumping spider (Spider:2)
  A centaur (D:15)
  2 electric eels (Lair:3)
  An orc priest (Vaults:1)
  12 foxfires
28 creatures vanquished.

Grand Total: 1690 creatures vanquished

Notes
Turn   | Place    | Note
-------+----------+-------------------------------------------
     0 | D:1      | zazu2006 the Gnoll Wanderer began the quest for the Orb.
     0 | D:1      | zazu2006 set off with the following items: a +0 dagger, a
                  | scroll of teleportation, a +0 robe, a +0 cloak; and the
                  | following spells available to memorise: Sandblast, Freeze,
                  | Stone Arrow, Hailstorm, Petrify.
     0 | D:1      | Reached XP level 1. HP: 17/17 MP: 6/6
     2 | D:1      | Learned a level 1 spell: Sandblast
   135 | D:1      | Found Duc Kofao's General Store.
   140 | D:1      | You fall into a shaft and drop 1 floor!
   163 | D:2      | Reached XP level 2. HP: 23/23 MP: 5/7
   291 | D:2      | Reached skill level 5 in Spellcasting
   291 | D:2      | Reached XP level 3. HP: 22/28 MP: 3/9
   630 | D:2      | Reached skill level 1 in Invocations
  1077 | D:2      | Reached skill level 1 in Short Blades
  1077 | D:2      | Reached skill level 1 in Long Blades
  1077 | D:2      | Reached skill level 1 in Axes
  1077 | D:2      | Reached skill level 1 in Maces & Flails
  1077 | D:2      | Reached skill level 1 in Polearms
  1077 | D:2      | Reached skill level 1 in Staves
  1077 | D:2      | Reached skill level 1 in Ranged Weapons
  1077 | D:2      | Reached skill level 1 in Throwing
  1077 | D:2      | Reached skill level 1 in Armour
  1077 | D:2      | Reached skill level 1 in Shields
  1077 | D:2      | Reached skill level 1 in Unarmed Combat
  1191 | D:1      | Reached skill level 1 in Shapeshifting
  1191 | D:1      | Reached XP level 4. HP: 34/34 MP: 8/11
  1336 | D:1      | Found Ethur Pael's Magic Scroll Shop.
  1413 | D:1      | Found Quimelek's Antique Weapon Emporium.
  1413 | D:1      | Found Yguappe's Armour Shoppe.
  1583 | D:1      | Reached skill level 1 in Conjurations
  1583 | D:1      | Reached skill level 1 in Hexes
  1583 | D:1      | Reached skill level 1 in Summonings
  1583 | D:1      | Reached skill level 1 in Necromancy
  1583 | D:1      | Reached skill level 1 in Translocations
  1583 | D:1      | Reached skill level 1 in Fire Magic
  1583 | D:1      | Reached skill level 1 in Air Magic
  1583 | D:1      | Reached skill level 1 in Alchemy
  1964 | D:1      | Bought a scroll of noise for 11 gold pieces
  1964 | D:1      | Bought a scroll of teleportation for 33 gold pieces
  2056 | D:3      | Noticed Natasha
  2063 | D:3      | Killed Natasha
  2064 | D:3      | Reached XP level 5. HP: 33/40 MP: 2/12
  2293 | D:3      | Noticed Natasha
  2381 | D:3      | Killed Natasha
  2465 | D:3      | Found a glowing silver altar of Zin.
  2566 | D:3      | Noticed Natasha
  2578 | D:3      | Killed Natasha
  2833 | D:3      | Noticed Grinder
  2836 | D:3      | Paralysed by Grinder for 4 turns
  2983 | D:4      | Reached skill level 2 in Long Blades
  2983 | D:4      | Reached skill level 5 in Dodging
  2983 | D:4      | Reached XP level 6. HP: 45/47 MP: 9/14
  2987 | D:4      | Learned a level 3 spell: Stone Arrow
  3075 | D:4      | Noticed Blork the orc
  3086 | D:4      | Killed Blork the orc
  3351 | D:4      | Reached XP level 7. HP: 38/52 MP: 5/15
  3525 | D:4      | Found a sacrificial altar of Ru.
  3742 | D:4      | Found a basalt altar of Yredelemnul.
  3908 | D:3      | Paralysed by Grinder for 3 turns
  3913 | D:3      | Paralysed by Grinder for 5 turns
  3925 | D:3      | Killed Grinder
  4077 | D:3      | Found a radiant altar of Vehumet.
  4085 | D:3      | Became a worshipper of Vehumet
  4189 | D:5      | Entered Level 5 of the Dungeon
  4242 | D:5      | Reached skill level 3 in Long Blades
  4242 | D:5      | Reached XP level 8. HP: 60/60 MP: 7/16
  4445 | D:5      | Found a white marble altar of Elyvilon.
  4449 | D:5      | Found a shimmering blue altar of Sif Muna.
  4605 | D:5      | Found an ornate altar of the Wu Jian Council.
  5158 | D:5      | Reached skill level 5 in Earth Magic
  5327 | D:5      | Reached * piety under Vehumet
  5327 | D:5      | Offered knowledge of Shock by Vehumet.
  5422 | D:5      | Reached skill level 4 in Long Blades
  5422 | D:5      | Reached XP level 9. HP: 67/67 MP: 10/18
  5706 | D:6      | Identified the +5 ring mail of the Sun {rN+ Will- Slay+2
                  | Stlth+}
  5721 | D:6      | Found a sparkling altar of Nemelex Xobeh.
  5787 | D:6      | Noticed Maggie
  5791 | D:6      | Killed Maggie
  5792 | D:6      | Reached skill level 5 in Fighting
  5792 | D:6      | Reached skill level 5 in Evocations
  5859 | D:6      | Found a hazy altar of Hepliaklqana.
  5956 | D:6      | Found a staircase to the Ecumenical Temple.
  5999 | D:6      | Reached skill level 5 in Stealth
  6409 | D:6      | Found Soadeb's Antique Weapon Boutique.
  6444 | D:6      | Found a burning altar of Makhleb.
  6444 | D:6      | Noticed an Executioner
  6521 | D:6      | Found a transporter.
  6521 | D:6      | Found a transporter.
  6522 | D:6      | Noticed Tollund's ghost (novice DjFE)
  6714 | D:6      | Found a runed translucent door.
  6715 | D:6      | Noticed Crazy Yiuf
  6720 | D:6      | Killed Crazy Yiuf
  6937 | D:1      | Bought a scroll of identify for 28 gold pieces
  6937 | D:1      | Bought a scroll of identify for 28 gold pieces
  7095 | D:6      | HP: 3/68 [cloud of flame (16)]
  7322 | D:7      | Found a flagged portal.
  7342 | Bailey   | Entered a bailey
  7361 | Bailey   | Reached skill level 5 in Invocations
  7383 | Bailey   | Offered knowledge of Foxfire by Vehumet.
  7489 | Bailey   | Reached ** piety under Vehumet
  7659 | Bailey   | Noticed an orc knight
  7687 | Bailey   | Killed an orc knight
  7688 | Bailey   | Reached skill level 5 in Short Blades
  7688 | Bailey   | Reached skill level 5 in Long Blades
  7688 | Bailey   | Reached skill level 5 in Axes
  7688 | Bailey   | Reached skill level 5 in Maces & Flails
  7688 | Bailey   | Reached skill level 5 in Polearms
  7688 | Bailey   | Reached skill level 5 in Staves
  7688 | Bailey   | Reached skill level 5 in Ranged Weapons
  7688 | Bailey   | Reached skill level 5 in Throwing
  7688 | Bailey   | Reached skill level 5 in Armour
  7688 | Bailey   | Reached skill level 5 in Shields
  7688 | Bailey   | Reached skill level 5 in Unarmed Combat
  7688 | Bailey   | Reached XP level 10. HP: 52/76 MP: 5/20
  7806 | Bailey   | Identified the ring "Janatt" {EV+5 Int+2}
  8101 | D:7      | Found an iron altar of Okawaru.
  8222 | D:7      | Found Qohig's Overcharged Wands.
  8323 | D:7      | Noticed Maurice
  8330 | D:7      | Maurice stole a +4 ring of protection
  8333 | D:7      | Maurice stole a +4 halberd
  8338 | D:7      | Something stole 334 gold
  8343 | D:7      | Killed Maurice
  8343 | D:7      | Offered knowledge of Static Discharge by Vehumet.
  8480 | D:7      | Noticed Jeremiah
  8488 | D:7      | Killed Jeremiah
  8498 | D:7      | Reached skill level 5 in Ice Magic
  8890 | D:7      | Reached skill level 5 in Shapeshifting
  8894 | D:7      | Reached *** piety under Vehumet
  9343 | D:6      | Killed Tollund's ghost
  9953 | D:8      | Found Idusun's Fire Supplies.
 10013 | D:8      | Offered knowledge of Olgreb's Toxic Radiance by Vehumet.
 10014 | D:8      | Reached skill level 6 in Long Blades
 10015 | D:8      | Noticed a two-headed ogre
 10027 | D:8      | Killed a two-headed ogre
 10194 | D:8      | Reached skill level 5 in Conjurations
 10194 | D:8      | Reached skill level 5 in Hexes
 10194 | D:8      | Reached skill level 5 in Summonings
 10194 | D:8      | Reached skill level 5 in Necromancy
 10194 | D:8      | Reached skill level 5 in Translocations
 10194 | D:8      | Reached skill level 5 in Fire Magic
 10194 | D:8      | Reached skill level 5 in Air Magic
 10194 | D:8      | Reached skill level 5 in Alchemy
 10267 | D:8      | Found Fyselolo's Antique Armour Shop.
 10298 | D:8      | Reached XP level 11. HP: 81/83 MP: 16/22
 11044 | D:9      | Reached skill level 7 in Long Blades
 11558 | D:9      | Reached **** piety under Vehumet
 11647 | D:8      | Bought a pair of warped gloves for 275 gold pieces
 11647 | D:8      | Identified the +0 pair of gloves of the Five Defenders
                  | {Dex+3} (You bought it in a shop on level 8 of the Dungeon)
 11772 | D:9      | Offered knowledge of Mephitic Cloud by Vehumet.
 11898 | D:9      | Learned a level 3 spell: Mephitic Cloud
 12299 | D:9      | Found a stormy altar of Qazlal.
 12361 | D:10     | Entered Level 10 of the Dungeon
 12541 | D:10     | Noticed Psyche
 12547 | D:10     | Killed Psyche
 13359 | D:11     | Noticed a two-headed ogre
 13359 | D:11     | Noticed a cyclops
 13376 | D:11     | Killed a cyclops
 13384 | D:11     | Killed a two-headed ogre
 13385 | D:11     | Reached skill level 8 in Long Blades
 13593 | D:11     | Found a staircase to the Lair.
 13593 | D:11     | Noticed an oklob plant
 13601 | D:11     | Killed an oklob plant
 13608 | D:11     | Learned a level 5 spell: Iskenderun's Battlesphere
 13717 | D:11     | Noticed Nergalle
 13731 | D:11     | Killed Nergalle
 13732 | D:11     | Reached XP level 12. HP: 87/91 MP: 8/24
 13816 | D:11     | Found a staircase to the Orcish Mines.
 14162 | D:11     | Found a transporter.
 14163 | D:11     | Found a transporter.
 14163 | D:11     | Noticed a two-headed ogre
 14164 | D:11     | Noticed IdlyInterested's ghost (journeyman DsFi)
 14165 | D:11     | Noticed a two-headed ogre
 14185 | D:11     | Identified the +6 giant spiked club of Susocamo {venom,
                  | rC+}
 14185 | D:11     | Identified the +5 dire flail "Lipsuj" {freeze, rElec MP+9}
 14185 | D:11     | Noticed a two-headed ogre
 14634 | Orc:1    | Entered Level 1 of the Orcish Mines
 15013 | Orc:2    | Entered Level 2 of the Orcish Mines
 15038 | Orc:2    | Noticed a soul eater
 15166 | Orc:2    | Reached skill level 9 in Long Blades
 15320 | Orc:2    | Reached ***** piety under Vehumet
 15326 | Orc:2    | Offered knowledge of Fireball by Vehumet.
 15454 | Orc:2    | Learned a level 5 spell: Fireball
 15558 | Orc:2    | Found Qoyppup's Assorted Antiques.
 15569 | Orc:2    | Bought a scroll labelled EDAECEPP WEQIO for 23 gold pieces
 15569 | Orc:2    | Bought a scroll labelled ETACUKIATI for 23 gold pieces
 15666 | Orc:2    | Found a staircase to the Elven Halls.
 15718 | Orc:2    | Noticed an orc high priest
 15733 | Orc:2    | Noticed an orc high priest
 16380 | Orc:2    | Noticed a soul eater
 16405 | Orc:2    | Noticed an ogre mage
 16415 | Orc:2    | Killed an orc high priest
 16421 | Orc:2    | Killed an ogre mage
 16426 | Orc:2    | Noticed an orc high priest
 16582 | Orc:2    | Noticed an orc high priest
 16588 | Orc:2    | Killed an orc high priest
 16700 | Orc:2    | Noticed an orc high priest
 16740 | Orc:2    | Noticed a sun demon
 16741 | Orc:2    | Killed an orc high priest
 16908 | Orc:2    | Found Ocoehud's Jewellery Boutique.
 16940 | Orc:2    | Noticed a two-headed ogre
 16943 | Orc:2    | Noticed a two-headed ogre
 16946 | Orc:2    | Found Ebrai's Antique Weapon Shop.
 16946 | Orc:2    | Noticed a two-headed ogre
 16947 | Orc:2    | Noticed an ogre mage
 16947 | Orc:2    | Noticed a two-headed ogre
 16950 | Orc:2    | Noticed an ogre mage
 16966 | Orc:2    | Killed an ogre mage
 16968 | Orc:2    | Killed a two-headed ogre
 16969 | Orc:2    | Reached skill level 10 in Long Blades
 16969 | Orc:2    | Reached XP level 13. HP: 51/99 MP: 12/26
 17320 | Orc:2    | Found Vifop's Armour Boutique.
 17546 | Lair:1   | Entered Level 1 of the Lair of Beasts
 17555 | Lair:1   | Found a transporter.
 17674 | D:11     | Learned a level 6 spell: Bombard
 17758 | D:11     | Reached skill level 10 in Spellcasting
 17790 | D:11     | Killed IdlyInterested's ghost
 18001 | D:11     | Got the Verses on Nonlocality and Exhalation
 19251 | D:12     | Reached skill level 11 in Long Blades
 19261 | D:12     | Reached skill level 10 in Dodging
 19265 | D:12     | Offered knowledge of Plasma Beam by Vehumet.
 20353 | D:13     | Found Haosmepyc's Weapon Shop.
 20731 | Lair:1   | Noticed Sonja
 20742 | Lair:1   | Killed Sonja
 20743 | Lair:1   | Reached skill level 10 in Invocations
 20743 | Lair:1   | Reached XP level 14. HP: 69/108 MP: 8/28
 21161 | Lair:1   | Found a transporter.
 23183 | Lair:3   | Found a hole to the Spider Nest.
 23301 | Lair:3   | Found a dark tunnel.
 23348 | Volcano  | Entered a volcano
 23485 | Volcano  | Reached skill level 12 in Long Blades
 23726 | Volcano  | Reached skill level 10 in Fighting
 23726 | Volcano  | Reached skill level 10 in Evocations
 24161 | Lair:1   | Offered knowledge of Starburst by Vehumet.
 24222 | Lair:1   | Identified the +0 helmet of Haret {rCorr Int-4 Dex+4}
 24323 | Lair:3   | Reached skill level 10 in Stealth
 24529 | Lair:3   | Found a staircase to the Swamp.
 25913 | Lair:5   | Entered Level 5 of the Lair of Beasts
 26302 | Lair:5   | Reached skill level 10 in Short Blades
 26302 | Lair:5   | Reached skill level 10 in Axes
 26302 | Lair:5   | Reached skill level 10 in Maces & Flails
 26302 | Lair:5   | Reached skill level 10 in Polearms
 26302 | Lair:5   | Reached skill level 10 in Staves
 26302 | Lair:5   | Reached skill level 10 in Ranged Weapons
 26302 | Lair:5   | Reached skill level 10 in Throwing
 26302 | Lair:5   | Reached skill level 10 in Armour
 26302 | Lair:5   | Reached skill level 10 in Shields
 26302 | Lair:5   | Reached skill level 10 in Unarmed Combat
 26512 | Lair:5   | Reached XP level 15. HP: 108/117 MP: 19/30
 26585 | Lair:5   | Found a viscous altar of Jiyva.
 26595 | Lair:5   | Found a staircase to the Slime Pits.
 26805 | Lair:5   | Reached skill level 13 in Long Blades
 28200 | D:14     | Found a runed translucent gate.
 28201 | D:14     | Found a runed translucent gate.
 28201 | D:14     | Found a runed translucent gate.
 28203 | D:14     | Noticed Sogo Yxko's ghost (journeyman DsAl)
 28768 | D:14     | Found a gate to the Vaults.
 28861 | D:14     | Noticed Rupert
 28896 | D:14     | Killed Rupert
 29427 | D:15     | Entered Level 15 of the Dungeon
 30211 | D:15     | Reached skill level 14 in Long Blades
 30235 | D:14     | Reached skill level 10 in Shapeshifting
 30349 | D:15     | Reached skill level 10 in Earth Magic
 30471 | D:15     | Found a staircase to the Depths.
 31165 | Swamp:1  | Entered Level 1 of the Swamp
 31172 | Swamp:1  | Reached XP level 16. HP: 125/125 MP: 25/32
 31375 | Swamp:1  | Noticed a thorn hunter
 31382 | Swamp:1  | Killed a thorn hunter
 31586 | Swamp:1  | Noticed Jorgrun
 32085 | Swamp:1  | Offered knowledge of Ozocubu's Refrigeration by Vehumet.
 32100 | Swamp:1  | Learned a level 7 spell: Ozocubu's Refrigeration
 32241 | Swamp:1  | Learned a level 5 spell: Lee's Rapid Deconstruction
 32373 | Swamp:1  | Killed Jorgrun
 33204 | Swamp:2  | Identified the +0 tower shield of Agoss {rF++}
 33204 | Swamp:2  | Noticed Louise
 33225 | Swamp:2  | Killed Louise
 33696 | Swamp:2  | Noticed a tentacled monstrosity
 33704 | Swamp:2  | Killed a tentacled monstrosity
 33993 | Swamp:2  | Reached skill level 10 in Ice Magic
 34160 | Swamp:2  | Identified the +2 robe of Indecent Exposure {+Inv}
 34201 | Swamp:2  | Noticed a fenstrider witch
 34206 | Swamp:2  | Reached skill level 15 in Long Blades
 34210 | Swamp:2  | Noticed a thorn hunter
 34763 | Swamp:2  | Killed a fenstrider witch
 34862 | Swamp:2  | Killed a thorn hunter
 35271 | Swamp:3  | Offered knowledge of Eringya's Noxious Bog by Vehumet.
 35294 | Swamp:3  | Reached XP level 17. HP: 133/133 MP: 15/33
 35683 | Swamp:3  | Reached skill level 10 in Conjurations
 35683 | Swamp:3  | Reached skill level 10 in Hexes
 35683 | Swamp:3  | Reached skill level 10 in Summonings
 35683 | Swamp:3  | Reached skill level 10 in Necromancy
 35683 | Swamp:3  | Reached skill level 10 in Translocations
 35683 | Swamp:3  | Reached skill level 10 in Fire Magic
 35683 | Swamp:3  | Reached skill level 10 in Air Magic
 35683 | Swamp:3  | Reached skill level 10 in Alchemy
 36138 | Swamp:4  | Entered Level 4 of the Swamp
 36138 | Swamp:4  | Noticed Mlioglotl
 36228 | Swamp:4  | Noticed a profane servitor
 36241 | Swamp:3  | Killed Mlioglotl
 37322 | Swamp:4  | Got a decaying rune of Zot
 37774 | Depths:1 | Entered Level 1 of the Depths
 37936 | Spider:1 | Entered Level 1 of the Spider Nest
 38039 | Spider:1 | Identified the +1 ring mail "Hoddina" {Str+4}
 38110 | Spider:1 | Reached skill level 16 in Long Blades
 38482 | Spider:1 | Offered knowledge of Arcjolt by Vehumet.
 39041 | Spider:2 | Reached ****** piety under Vehumet
 39690 | Spider:2 | Identified a scroll of acquirement
 39705 | Spider:2 | Identified the +3 rapier of Giemyebo {speed, Fly Int+2
                  | Dex+3}
 40064 | Spider:3 | Reached XP level 18. HP: 136/142 MP: 21/35
 40990 | Spider:3 | Offered knowledge of Maxwell's Capacitive Coupling by
                  | Vehumet.
 41944 | Spider:4 | Entered Level 4 of the Spider Nest
 42772 | Spider:3 | Acquired the ring of the Mauling Scavenger {rC+ Will+ rCorr
                  | Str+3}
 43116 | Vaults:1 | Entered Level 1 of the Vaults
 43528 | Vaults:1 | Reached skill level 17 in Long Blades
 43896 | Vaults:1 | Noticed Saint Roka
 44036 | D:14     | Killed Sogo Yxko's ghost
 45785 | Spider:4 | Reached XP level 19. HP: 149/149 MP: 19/37
 45853 | Spider:4 | Got a gossamer rune of Zot
 45861 | Spider:4 | Identified the +0 barding "Faxe" {Regen+ Stlth+}
 46368 | Vaults:1 | Killed Saint Roka
 47074 | Vaults:1 | Learned a level 5 spell: Freezing Cloud
 47374 | Vaults:1 | Identified the ring "Qoimpe" {Wiz MP-9 Dex+5 Stlth+}
 47473 | Vaults:1 | Paralysed by a formless jellyfish for 1 turns
 47477 | Vaults:1 | Paralysed by a formless jellyfish for 1 turns
 48120 | Vaults:1 | Reached skill level 18 in Long Blades
 48306 | Vaults:2 | Found a magical portal.
 48332 | Vaults:2 | Found a portal to a secret trove of treasure.
 48356 | WizLab   | Entered Borgnjor's Mausoleum
 48648 | WizLab   | Offered knowledge of Fire Storm by Vehumet.
 48648 | WizLab   | Offered knowledge of Chain Lightning by Vehumet.
 48648 | WizLab   | Offered knowledge of Polar Vortex by Vehumet.
 49416 | WizLab   | Reached skill level 15 in Invocations
 49731 | WizLab   | Learned a level 4 spell: Sticky Flame
 50340 | WizLab   | Reached XP level 20. HP: 79/130 MP: 10/38
 51131 | Vaults:2 | HP: 4/153 [ironbound thunderhulk/bolt of lightning (48)]
 51411 | D:8      | Bought a +0 helmet of fire resistance for 126 gold pieces
 52097 | Depths:1 | Found a bloodstained altar of Trog.
 52313 | Depths:1 | Found a gateway to Hell.
 52412 | Depths:1 | Reached skill level 15 in Spellcasting
 52461 | Depths:1 | Found an iron altar of Okawaru.
 52678 | Depths:2 | Noticed a bone dragon
 52712 | Depths:1 | Killed a bone dragon
 53038 | Depths:2 | Found Lighaa's Jewellery Emporium.
 53039 | Depths:2 | Found Xipol's Book Shop.
 53041 | Depths:2 | Found Toakhlud's Jewellery Emporium.
 53703 | Depths:2 | Found Omougosaiwk's Armour Boutique.
 53720 | Depths:2 | Reached skill level 19 in Long Blades
 53857 | Depths:2 | Reached skill level 15 in Dodging
 54036 | Depths:2 | Found a one-way gateway to a ziggurat.
 54619 | Depths:2 | Found a one-way gate leading to the halls of Pandemonium.
 54809 | Depths:2 | Found Oneush's Jewellery Shoppe.
 55890 | Depths:2 | Identified the +10 longbow "Woimma" {speed, Int+2}
 55893 | Depths:2 | Identified the staff of Yredelemnul's Whim {+Blink rCorr
                  | Str+5 Earth Alchemy}
 56666 | Vaults:2 | Reached XP level 21. HP: 167/167 MP: 34/40
 57244 | Vaults:2 | Found a staircase to the Crypt.
 57244 | Vaults:2 | Found a basalt altar of Yredelemnul.
 57245 | Vaults:2 | Found an ancient bone altar of Kikubaaqudgha.
 58005 | Vaults:3 | Reached skill level 15 in Fighting
 58005 | Vaults:3 | Reached skill level 15 in Evocations
 58214 | Vaults:3 | Reached skill level 15 in Stealth
 59742 | Vaults:4 | Found a huge runed gate.
 59742 | Vaults:4 | Found a huge runed gate.
 59742 | Vaults:4 | Found a huge runed gate.
 59742 | Vaults:4 | Found a huge runed gate.
 59743 | Vaults:4 | Found a huge runed gate.
 59743 | Vaults:4 | Found a huge runed gate.
 59743 | Vaults:4 | Found a huge runed gate.
 59743 | Vaults:4 | Found a huge runed gate.
 59744 | Vaults:4 | Found a huge runed gate.
 59746 | Vaults:4 | Found a huge runed gate.
 59746 | Vaults:4 | Found a huge runed gate.
 59746 | Vaults:4 | Found a huge runed gate.
 59746 | Vaults:4 | Found a huge runed gate.
 59746 | Vaults:4 | Found a huge runed gate.
 59746 | Vaults:4 | Found a huge runed gate.
 59747 | Vaults:4 | Found a huge runed gate.
 59782 | Vaults:4 | Reached skill level 15 in Short Blades
 59782 | Vaults:4 | Reached skill level 15 in Axes
 59782 | Vaults:4 | Reached skill level 15 in Maces & Flails
 59782 | Vaults:4 | Reached skill level 15 in Polearms
 59782 | Vaults:4 | Reached skill level 15 in Staves
 59782 | Vaults:4 | Reached skill level 15 in Ranged Weapons
 59782 | Vaults:4 | Reached skill level 15 in Throwing
 59782 | Vaults:4 | Reached skill level 15 in Armour
 59782 | Vaults:4 | Reached skill level 15 in Shields
 59782 | Vaults:4 | Reached skill level 15 in Unarmed Combat
 60181 | Vaults:4 | Found a huge runed gate.
 60189 | Vaults:4 | Found a huge runed gate.
 60189 | Vaults:4 | Found a huge runed gate.
 60189 | Vaults:4 | Found a huge runed gate.
 60189 | Vaults:4 | Found a huge runed gate.
 60189 | Vaults:4 | Found a huge runed gate.
 60189 | Vaults:4 | Found a huge runed gate.
 60190 | Vaults:4 | Found a huge runed gate.
 60191 | Vaults:4 | Found a huge runed gate.
 60192 | Vaults:4 | Found a huge runed gate.
 60200 | Vaults:4 | Found a huge runed gate.
 60200 | Vaults:4 | Found a huge runed gate.
 60200 | Vaults:4 | Found a huge runed gate.
 60200 | Vaults:4 | Found a huge runed gate.
 60200 | Vaults:4 | Found a huge runed gate.
 60200 | Vaults:4 | Found a huge runed gate.
 60201 | Vaults:4 | Found a huge runed gate.
 60384 | Vaults:4 | Reached skill level 20 in Long Blades
 61285 | Vaults:4 | Found a huge runed gate.
 61286 | Vaults:4 | Found a huge runed gate.
 61301 | Vaults:4 | Found a huge runed gate.
 61307 | Vaults:4 | Noticed an ancient lich
 61690 | Vaults:3 | Killed an ancient lich
 62742 | Vaults:4 | Acquired 1197 gold pieces
 62935 | Elf:1    | Entered Level 1 of the Elven Halls
 63155 | Elf:1    | Reached XP level 22. HP: 150/155 MP: 39/42
 65079 | Elf:2    | Paralysed by an air elemental for 1 turns
 65100 | Elf:2    | Found a frozen archway.
 65164 | IceCv    | Entered an ice cave
 66176 | IceCv    | Identified the +4 scale mail "Kephe" {Int-2 Dex+4}
 66447 | Elf:2    | Found Qaanauj's General Store.
 66453 | Elf:2    | Found Juosag's Specific Store.
 66471 | Elf:2    | Bought a potion of berserk rage for 80 gold pieces
 66749 | Elf:2    | Found a runed translucent door.
 66750 | Elf:2    | Noticed Hulashix's ghost (journeyman MiBe)
 67095 | Elf:2    | Found Uvvarodu's Magic Scroll Shoppe.
 67178 | Elf:2    | Identified the +2 quarterstaff "Duterait" {drain, rF+ rN+
                  | Dex-5}
 67279 | Elf:2    | Found a runed translucent gate.
 67279 | Elf:2    | Found a runed translucent gate.
 67320 | Elf:2    | Found a runed translucent gate.
 67437 | Elf:2    | Killed Hulashix's ghost
 68052 | Elf:2    | Noticed Nikola
 68112 | Elf:2    | Killed Nikola
 68763 | Elf:3    | Entered Level 3 of the Elven Halls
 68857 | Elf:3    | Noticed Roxanne
 68862 | Elf:3    | Killed Roxanne
 68863 | Elf:3    | Reached skill level 21 in Long Blades
 70416 | Elf:3    | Identified the orb of the Tick {*channel, Earth}
 70416 | Elf:3    | Identified the ring "Sufageach" {Fire Dex+3}
 70537 | Elf:3    | Got Asmodeus's Opusculum on Causimancy
 70615 | Elf:3    | Found the +9 sword of Zonguldrok {reap}
 70622 | Elf:3    | Identified the +7 sling of Enyoto {drain, rF+}
 70630 | Elf:3    | Identified the +2 robe of Negation {+Blink rF- rCorr Int+7}
 70634 | Elf:3    | Got the Anthology of Battle Magic
 70654 | Elf:3    | Identified the staff of Fedhas's Scorn {^Contam rN+ rCorr
                  | MP+9 Int+3 Necro}
 70661 | Elf:3    | Identified the +1 rapier "Ross" {speed, SInv}
 70662 | Elf:3    | Identified the +12 dagger "Musupt" {heavy, rPois Dex+3}
 70786 | Elf:3    | Reached XP level 23. HP: 184/184 MP: 34/43
 71149 | Vaults:1 | Learned a level 4 spell: Olgreb's Toxic Radiance
 71228 | Vaults:5 | Entered Level 5 of the Vaults
 71477 | Depths:3 | Noticed a golden dragon
 72800 | Depths:3 | Found a one-way gate to the infinite horrors of the Abyss.
 72857 | Depths:3 | You fall into a shaft and drop 1 floor!
 72857 | Depths:4 | Entered Level 4 of the Depths
 72880 | Depths:4 | Noticed a caustic shrike
 72880 | Depths:4 | Noticed a caustic shrike
 72880 | Depths:4 | Noticed a caustic shrike
 73030 | Depths:4 | Noticed a caustic shrike
 73031 | Depths:4 | Noticed a caustic shrike
 73031 | Depths:4 | Noticed a caustic shrike
 73031 | Depths:4 | Noticed a caustic shrike
 73212 | Depths:4 | Identified the +1 chain mail "Relyamn" {rElec rF+ Dex-3}
 73393 | Depths:3 | Noticed Vv
 73420 | Depths:3 | Killed Vv
 73576 | Depths:3 | Reached skill level 15 in Shapeshifting
 73791 | Depths:3 | Killed a golden dragon
 74216 | Depths:3 | Found the +1 cloak of Starlight {*Dazzle EV+4 Stlth--}
 75111 | Depths:4 | Killed a caustic shrike
 75113 | Depths:4 | Killed a caustic shrike
 75119 | Depths:4 | Killed a caustic shrike
 75288 | Depths:4 | Killed a caustic shrike
 75744 | Depths:4 | Noticed a golden dragon
 75901 | Depths:3 | Killed a golden dragon
 76398 | Depths:4 | Reached skill level 15 in Hexes
 76401 | Depths:4 | Found a gate to the Realm of Zot.
 77119 | Vaults:5 | Noticed an ancient lich
 77122 | Vaults:5 | Reached skill level 22 in Long Blades
 77163 | Vaults:5 | Reached XP level 24. HP: 67/193 MP: 14/44
 77182 | Vaults:5 | HP: 5/171 [shadow dragon/bolt of negative energy (54)]
 77188 | Vaults:5 | Killed from afar by a shadow dragon

Illustrated notes

Levels and vault maps discovered:
D:1:      eino_arrival_cavern_e, layout_loops_cross, serial_shops, shop,
          nicolae_shop_trees, shop, nicolae_diamond_shop
D:2:      layout_basic
D:3:      layout_basic, vehumet_statue, mainiacjoe_overflow_small_starburst,
          kennysheep_small_spiral, minmay_goblin_kobold_house, uniq_grinder,
          uniq_natasha
D:4:      layout_basic, yredelemnul_forgotten_temple_becter,
          mainiacjoe_overflow_alcove_1, uniq_blork_the_orc
D:5:      layout_loops_ring, amcnicky_altar_gilded, nicolae_overflow_squiral,
          minivault_5
D:6:      layout_loops_ring, lemuel_doored_altar, nemelex_spade_bored_becter,
          makhleb_altar_promises_db, minmay_temple_entry_slanted,
          gammafunk_ghost_gnarly_gnolls, serial_shops, shop, uniq_maggie,
          uniq_crazy_yiuf_cottage
D:7:      layout_loops_ring, mainiacjoe_overflow_24_doors, enter_bailey_5,
          nicolae_shop_overcharged_wands, uniq_jeremiah, uniq_maurice
D:8:      layout_gridville, minmay_gold_behind_fungi, nicolae_shop_fire_sale
          [nicolae_sub_dead_trees], nicolae_take_the_stairs, blue_anna_alchemist
D:9:      layout_roguey, kennysheep_little_box, roderic_serpentine_path,
          minmay_fractal_squares_5
D:10:     layout_cross, kennysheep_generic_room_13, uniq_psyche
D:11:     layout_cave_pods, dpeg_oklobed_lair, orc_0_dummy,
          gammafunk_ghost_smash, uniq_nergalle
D:12:     layout_loops_corners
D:13:     layout_roguey, serial_shops, nicolae_shop_just_a_little_nook
D:14:     layout_loops_ring, david_vaults_1, gammafunk_ghost_necromancy,
          uniq_rupert
D:15:     hellmonk_depths_entry_around_the_bend, layout_long_grid, fountainhead,
          minmay_crystal_room
Lair:1:   gammafunk_worm_tunnel, layout_layer_cave, nicolae_lair_lil_pond,
          uniq_sonja
Lair:2:   layout_cave_pods, serial_bayou_shore_b
Lair:3:   layout_gridlike, minmay_swamp_entry_eels, spider_nest_entry_web_field,
          nicolae_volcano_entry_vermiform, grunt_forest_stairs_basic
Lair:4:   layout_gridlike, lemuel_old_faithful, grunt_megastairs_5
Lair:5:   grunt_lair_end_beastmaster, layout_regular_city, slime_entry_1
Swamp:1:  layout_basic_swamp, hangedman_swamp_ruin_hall, uniq_jorgrun
Swamp:2:  nzn_winding_woodlands_three_and_one
          [nzn_winding_woodlands_5x15_pathside_ponds,
          nzn_winding_woodlands_5x15_crooked,
          nzn_winding_woodlands_5x15_pockets,
          nzn_winding_woodlands_center_lodge], layout_basic_swamp,
          infiniplex_staircase_pool_2, nicolae_swamp_tree_isthmus, uniq_louise
Swamp:3:  layout_basic_swamp, evilmike_swamp_ruin_house_6, swamp_pool_1_2
Swamp:4:  swamp_alternative, layout_basic_swamp, nicolae_swamp_dense_foliage,
          swamp_pool_3, uniq_mlioglotl
Spider:1: layout_cave_pods, nicolae_spider_undead_wolf_pack
Spider:2: nicolae_spider_mines_1
Spider:3: layout_chambers
Spider:4: floodkiller_spider_rune_tomb
Orc:1:    layout_caves, basic_altar, mines2_david
Orc:2:    st_orc_town, layout_caves, serial_shops, shop
Elf:1:    nicolae_elf_arrival_fired_up, layout_geoelf_diagonals,
          evilmike_minifort, st_stairs_9, grunt_megastairs_2
Elf:2:    elven_hall_of_blades_hangedman_original
          [nicolae_blade_entry_pointy_end], layout_rooms, serial_shops,
          nicolae_shop_rolling_square, portal_ice_cave_entry_ice_simulacra,
          hellmonk_ghost_happy_afterlife, nicolae_specific_store, uniq_nikola
Elf:3:    minmay_elf_hall_dome, layout_gridlike, uniq_roxanne
Vaults:1: nicolae_vaults_lopsided_apartments, ontoclasm_vaults_shuriken,
          nicolae_vaults_shrinking_rooms_2, hangedman_vaults_river_flow,
          nicolae_vaults_little_squares_4, grunt_vaults_swirl,
          nicolae_vaults_triangles, dpeg_vaults_monster_box, vaults_mumra_hex,
          v_misc_16, grunt_vaults_diagonal, nicolae_vaults_trapezoid_3,
          layout_vaults_maze, uniq_saint_roka
Vaults:2: infiniplex_enter_wizlab_water, lightli_church_of_beogh,
          ontoclasm_vaults_ring_large, v_misc_26, minmay_crypt_entry_necro_gods,
          hangedman_vaults_snaps, grunt_vaults_bifocal,
          nicolae_vaults_heart-shaped_vault, nicolae_vaults_sesquioval_fish,
          layout_vaults_chaotic_city, enter_trove_3
Vaults:3: nicolae_vaults_trapezoid_3, nicolae_vaults_wrenched,
          grunt_vaults_trifunnel, v_misc_13, ontoclasm_vaults_ring_square,
          hangedman_vaults_stitches, nicolae_vaults_diamond_1, vaults_room_grid,
          nicolae_vaults_ninety_degrees, nicolae_vaults_frosty_reception,
          nicolae_vaults_diamond_1, nicolae_vaults_little_squares_2,
          layout_vaults_ring
Vaults:4: nicolae_vaults_storage_room_doors, vaults_mumra_hexcomb,
          vaults_dpeg_ring, door_vault, ontoclasm_vaults_ring_small,
          nicolae_vaults_ellipses_ellipsis, nicolae_vaults_octothorpe,
          nicolae_vaults_house_3, ontoclasm_vaults_eye, hangedman_vaults_trim,
          nicolae_vaults_tetromino_Z_1, layout_vaults_omnicross
Vaults:5: serial_shops
Depths:1: layout_cave_pools, hell_entry, trog_three_pillars_becter,
          okawaru_trees_2
Depths:2: minmay_triangles_in_corner, layout_basic, enter_ziggurat_b,
          rand_demon_pan_entry_7, grunt_mini_vestibule, serial_shops,
          nicolae_shop_gaudy_bauble, nicolae_shop_tiny_waterfront,
          infiniplex_staircase_river, minmay_shop_grove, grunt_megastairs_4
Depths:3: dreamdust_merry_men, layout_cave_shapes,
          nicolae_abyss_entry_one_way_or_another, pf_vacation_house_of_asmodeus,
          serial_library_hellmonk_long_bookcase, serial_bayou_lagoon_a,
          minmay_staircase_windowed_large, uniq_vv
Depths:4: grunt_zot_entry_bicorn, layout_gridlike, hell_entry, pan_entry

Skill      XL: |  1  2  3  4  5  6  7  8  9 10 11 12 13 14 15 16 17 18 19 20 21 22 23 |
---------------+----------------------------------------------------------------------+-----
Ice Magic      | 2 3 4 5 6 7 8 9 10 11 12 13 14 | 14.3
Spellcasting   | 5 6 7 8 9 10 11 12 13 14 15 16 17 | 17.2
Invocations    | 1 2 3 4 5 6 7 8 10 11 12 13 14 15 16 17 18 | 18.0
Short Blades   | 1 2 3 4 5 6 7 8 9 10 11 12 13 14 15 16 | 16.6
Long Blades    | 1 2 3 4 5 6 8 10 11 12 14 15 16 17 18 19 20 21 22 | 22.1
Axes           | 1 2 3 4 5 6 7 8 9 10 11 12 13 14 15 16 | 16.6
Maces & Flails | 1 2 3 4 5 6 7 8 9 10 11 12 13 14 15 16 | 16.6
Polearms       | 1 2 3 4 5 6 7 8 9 10 11 12 13 14 15 16 | 16.6
Staves         | 1 2 3 4 5 6 7 8 9 10 11 12 13 14 15 16 | 16.6
Ranged Weapons | 1 2 3 4 5 6 7 8 9 10 11 12 13 14 15 16 | 16.6
Throwing       | 1 2 3 4 5 6 7 8 9 10 11 12 13 14 15 16 | 16.6
Armour         | 1 2 3 4 5 6 7 8 9 10 11 12 13 14 15 16 | 16.6
Shields        | 1 2 3 4 5 6 7 8 9 10 11 12 13 14 15 16 | 16.6
Unarmed Combat | 1 2 3 4 5 6 7 8 9 10 11 12 13 14 15 16 | 16.6
Shapeshifting  | 1 2 3 4 5 6 7 8 9 10 11 12 13 14 15 | 15.3
Conjurations   | 1 2 3 4 5 6 7 8 9 10 11 12 13 14 | 14.1
Hexes          | 1 2 3 4 5 6 7 8 9 10 11 12 13 14 15 | 15.2
Summonings     | 1 2 3 4 5 6 7 8 9 10 11 12 13 14 | 14.1
Necromancy     | 1 2 3 4 5 6 7 8 9 10 11 12 13 14 | 14.1
Translocations | 1 2 3 4 5 6 7 8 9 10 11 12 13 14 | 14.1
Fire Magic     | 1 2 3 4 5 6 7 8 9 10 11 12 13 14 | 14.1
Air Magic      | 1 2 3 4 5 6 7 8 9 10 11 12 13 14 | 14.1
Alchemy        | 1 2 3 4 5 6 7 8 9 10 11 12 13 14 | 14.1
Fighting       | 3 4 5 6 7 8 9 10 11 12 13 14 15 16 | 16.8
Evocations     | 3 4 5 6 7 8 9 10 11 12 13 14 15 16 | 16.8
Earth Magic    | 4 5 6 7 8 9 10 11 12 13 14 | 14.6
Stealth        | 3 4 5 6 7 8 9 10 11 12 13 14 15 16 | 16.8
Dodging        | 5 6 7 8 9 10 11 12 13 14 15 16 17 | 17.1

Action                     |  1- 3 |  4- 6 |  7- 9 | 10-12 | 13-15 | 16-18 | 19-21 | 22-24 || total
---------------------------+-------+-------+-------+-------+-------+-------+-------+-------++-------
  Melee: Dagger            |       |     1 |   116 |    78 |       |       |       |       ||   195
         Bite              |       |       |    12 |    66 |   105 |   197 |   252 |   109 ||   741
         Punch             |       |       |     4 |    36 |    55 |       |       |       ||    95
         Long sword        |       |       |    14 |   422 |   238 |    97 |       |       ||   771
         Scimitar          |       |       |       |       |   347 |   833 |  1205 |   611 ||  2996
   Cast: Sandblast         |    39 |   106 |   147 |    54 |     7 |     1 |       |       ||   354
         Stone Arrow       |       |       |    22 |   231 |   419 |   665 |   442 |   564 ||  2343
         Mephitic Cloud    |       |       |       |    11 |    74 |    92 |   175 |   106 ||   458
         Iskenderun's Batt |       |       |       |     2 |       |       |       |       ||     2
         Fireball          |       |       |       |     1 |     7 |    58 |    76 |    20 ||   162
         Bombard           |       |       |       |       |     3 |     7 |   168 |    98 ||   276
         Lee's Rapid Decon |       |       |       |       |       |     9 |    16 |    48 ||    73
         Ozocubu's Refrige |       |       |       |       |       |     1 |     3 |     4 ||     8
         Sticky Flame      |       |       |       |       |       |       |    25 |     6 ||    31
         Freezing Cloud    |       |       |       |       |       |       |    11 |    11 ||    22
         Olgreb's Toxic Ra |       |       |       |       |       |       |       |     9 ||     9
  Evoke: Wand              |       |       |     8 |     4 |     3 |     1 |     4 |     5 ||    25
         Sack of spiders   |       |       |       |       |     1 |       |     3 |     2 ||     6
    Use: Scroll            |       |     1 |    13 |     6 |    10 |    11 |     7 |     8 ||    56
         Potion            |       |       |     2 |     1 |     7 |     6 |     4 |     7 ||    27
   Stab: Sleeping          |       |       |     1 |     4 |     8 |       |    10 |     2 ||    25
         Invisible         |       |       |     1 |     2 |     1 |       |     2 |       ||     6
         Confused          |       |       |       |     6 |    40 |    56 |    79 |    33 ||   214
         Petrified         |       |       |       |       |     8 |       |       |       ||     8
         Distracted        |       |       |       |       |     1 |       |       |     1 ||     2
         Held in net/web   |       |       |       |       |       |       |       |     2 ||     2
 Armour: Robe              |     6 |    41 |    72 |       |       |       |       |       ||   119
         Steam dragon scal |       |       |    84 |   309 |   277 |     7 |       |       ||   677
         Skin              |       |       |     1 |       |       |       |       |       ||     1
         Swamp dragon scal |       |       |       |       |       |   774 |   673 |   433 ||  1880
  Dodge: Dodged            |     5 |    37 |   173 |   609 |   488 |   928 |   798 |   438 ||  3476
  Block: Kite shield       |       |       |       |       |     6 |   975 |   924 |   500 ||  2405

Table legend: (Time is in decaauts)
 A = Elapsed time spent in this place.
 B = Non-inter-level travel time spent in this place.
 C = Inter-level travel time spent in this place.
 D = Time resting spent in this place.
 E = Time spent auto-exploring this place.
 F = Levels seen in this place.
 G = Mean time per level.
                   A        B        C        D        E       F      G
               +--------+--------+--------+--------+--------+-----+--------+
         Total |  76918 |  71251 |   5667 |   8435 |  46538 |  46 | 1672.1 |
       Dungeon |  22624 |  20005 |   2619 |   1444 |  15186 |  15 | 1508.3 |
          Lair |   7599 |   6510 |   1089 |    281 |   4775 |   5 | 1519.8 |
         Swamp |   6152 |   5919 |    233 |    705 |   3977 |   4 | 1538.0 |
   Spider Nest |   6727 |   6426 |    301 |    291 |   4771 |   4 | 1681.8 |
  Orcish Mines |   3016 |   2880 |    136 |    623 |   1577 |   2 | 1508.0 |
   Elven Halls |   6706 |   6367 |    339 |    810 |   4152 |   3 | 2235.3 |
        Vaults |  10108 |   9525 |    583 |   1470 |   5454 |   5 | 2021.6 |
        Depths |   9353 |   8990 |    363 |   2590 |   4189 |   4 | 2338.2 |
        Bailey |    728 |    728 |      0 |    159 |    284 |   1 |  728.0 |
      Ice Cave |   1189 |   1189 |      0 |      0 |    830 |   1 | 1189.0 |
       Volcano |    539 |    539 |      0 |      3 |      0 |   1 |  539.0 |
        Wizlab |   2173 |   2173 |      0 |     59 |   1341 |   1 | 2173.0 |
               +--------+--------+--------+--------+--------+-----+--------+

Top non-repeatable levels by time:
Depths:2: 3945 daAuts
Vaults:3: 3058 daAuts
    D:14: 2653 daAuts
Vaults:1: 2632 daAuts
    D:11: 2536 daAuts
   Elf:1: 2399 daAuts
Spider:4: 2384 daAuts
   Elf:2: 2320 daAuts
 Swamp:2: 2314 daAuts
Vaults:2: 2284 daAuts
Depths:4: 2273 daAuts
  Lair:1: 2224 daAuts
Spider:3: 2184 daAuts
  WizLab: 2173 daAuts
Depths:3: 2124 daAuts
